 Dungeon Crawl Stone Soup version 0.21.1-1-g345015f (webtiles) character file.

84 MahinaPea the Firebug (level 4, -7/33 HPs)
             Began as a Draconian Fire Elementalist on May 13, 2018.
             Killed from afar by Robin (9 damage)
             ... with a wand of flame (40)
             ... on level 2 of the Dungeon.
             The game lasted 00:11:34 (1515 turns).

MahinaPea the Firebug (Draconian Fire Elementalist) Turns: 1515, Time: 00:11:35

Health: -7/33      AC:  5    Str: 10    XL:     4   Next: 23%
Magic:  1/8        EV: 12    Int: 17    God:
Gold:   75         SH:  0    Dex: 11    Spells: 7/8 levels left

rFire    . . .     SeeInvis .   o - +0 dagger
rCold    . . .     Gourm    .   (no shield)
rNeg     . . .     Faith    .   (armour unavailable)
rPois    .         Spirit   .   (helmet restricted)
rElec    .         Reflect  .   (no cloak)
rCorr    .         Harm     .   (no gloves)
MR       .....                  (no boots)
Stlth    ++........             (no amulet)
HPRegen  0.11/turn              (no ring)
MPRegen  0.11/turn              (no ring)

@: no status effects
A: unfitting armour, cold-blooded, AC +5
a: no special abilities


You were on level 2 of the Dungeon.
You were not hungry.

You visited 1 branch of the dungeon, and saw 2 of its levels.

You collected 75 gold pieces.

Inventory:

Hand Weapons
 e - a +0 club
 k - a +0 dagger
 o - a +0 dagger (weapon)
Armour
 f - a +0 helmet
Scrolls
 h - 2 scrolls of blinking {unknown}
 j - a scroll of remove curse {unknown}
 l - a scroll of identify {unknown}
 m - a scroll of immolation {unknown}
 q - a scroll of enchant weapon {unknown}
Potions
 c - a potion of resistance {unknown}
 d - 2 potions of cancellation {unknown}
 g - a potion of heal wounds {unknown}
 i - a potion of degeneration {unknown}
 n - a potion of haste {unknown}
 p - 2 potions of curing {unknown}
Books
 a - a book of Flames

   Spells                             Type                      Level
   a - Flame Tongue                   Conjuration/Fire             1
   b - Throw Flame                    Conjuration/Fire             2
   c - Conjure Flame                  Conjuration/Fire             3
   d - Inner Flame                    Hexes/Fire                   3
   e - Sticky Flame                   Conjuration/Fire             4
   f - Fireball                       Conjuration/Fire             5
Comestibles
 b - 3 rations


   Skills:
 + Level 0.1 Short Blades
 + Level 0.1 Maces & Flails
 + Level 2.5 Dodging
 + Level 1.9 Stealth
 + Level 2.7 Spellcasting
 + Level 1.3 Conjurations
 + Level 3.8 Fire Magic


You had 7 spell levels left.
You knew the following spells:

 Your Spells              Type           Power        Failure   Level  Hunger
a - Flame Tongue          Conj/Fire      ##...        6%          1    #......


Dungeon Overview and Level Annotations

Branches:
Dungeon (2/15)

Altars:

Annotations:
D:2 Robin


Innate Abilities, Weirdness & Mutations

Your plain brown scales are hard. (AC +5)
You cannot fit into any form of body armour.
You are cold-blooded and may be slowed by cold attacks.


Message History

You don't have enough magic to cast that spell.
Unknown command.
Unknown command.
You hit the hobgoblin.
You kill the hobgoblin!
The goblin no longer looks unusually strong.
Robin hits you from afar with a spear.
* * * LOW HITPOINT WARNING * * *
The goblin closely misses you. x2
Robin hits you with a spear.
* * * LOW HITPOINT WARNING * * *
Things that are here:
a goblin corpse x2
You hit Robin but do no damage.
Robin is lightly wounded.
Robin hits you but does no damage. The goblin hits you but does no damage.
You hit Robin.
Robin is moderately wounded.
Robin zaps a wand.
The puff of flame hits you!
You die...

####### #.....# ###
#.###.#########.#.#
....####.#
#.....†.....#.#
#....#.###.#.#########.#
#..).gg@gg#.###### #.#
#..#.#.#####<.....# #.#
#g. #.#.# #.####.## #.#
. ....#####.###...###.#
...#.......##.###.##.#
....###........# #....#
..... ##.#####.###.####
....%. #. ##...## #.
##.##


You could see Robin, a hobgoblin and 2 goblins.

Vanquished Creatures
  2 adders (D:2)
  An ooze (D:1)
  3 dart slugs (D:1)
  2 giant cockroaches
  12 goblins
  6 hobgoblins
  9 jackals
  A bat (D:1)
  A frilled lizard (D:2)
  4 kobolds
  8 rats
49 creatures vanquished.

Vanquished Creatures (others)
  4 withered plants (D:2)
4 creatures vanquished.

Grand Total: 53 creatures vanquished

Notes
Turn   | Place    | Note
-------+----------+-------------------------------------------
     0 | D:1      | MahinaPea the Draconian Fire Elementalist began the quest for the Orb.
     0 | D:1      | Reached XP level 1. HP: 14/14 MP: 3/3
   201 | D:1      | Reached XP level 2. HP: 20/20 MP: 1/5
   481 | D:1      | Reached XP level 3. HP: 13/26 MP: 4/6
  1142 | D:2      | Reached XP level 4. HP: 11/33 MP: 0/7
  1490 | D:2      | Noticed Robin
  1515 | D:2      | Killed from afar by Robin

Skill      XL: |  1 |
---------------+----+-----
Dodging        | 2 |  2.5
Short Blades   | |  0.1
Maces & Flails | |  0.1
Stealth        | |  1.9
Spellcasting   | |  2.7
Conjurations   | |  1.3
Fire Magic     | |  3.8

Action                   |  1- 3 |  4- 6 || total
-------------------------+-------+-------++-------
Melee: Club              |    23 |       ||    23
       Unarmed           |     1 |       ||     1
       Dagger            |    20 |    23 ||    43
       Tailslap          |     3 |     2 ||     5
 Cast: Flame Tongue      |    48 |    15 ||    63
 Stab: Sleeping          |     1 |       ||     1
  Eat: Ration            |     1 |       ||     1
Armor: Skin              |    23 |    26 ||    49
Dodge: Dodged            |    50 |    43 ||    93
